 Dungeon Crawl Stone Soup version 0.31.0-9-g3a7656b989 (webtiles) character file.

Game seed: 14657349717633562438

18 RancidPinata the Sneak (level 2, 0/21 HPs)
             Began as an Octopode Delver on Jan 24, 2024.
             Succumbed to a scorpion's poison
             ... on level 4 of the Dungeon.
             The game lasted 00:03:56 (224 turns).

RancidPinata the Sneak (Octopode Delver)             Turns: 224, Time: 00:03:57

Health: 0/21       AC:  1    Str: 11    XL:     2   Next: 66%
Magic:  2/2        EV: 13    Int: 12    God:
Gold:   10         SH:  0    Dex: 13    Spells: 1/1 levels left

rFire   . . .        a - +0 short sword
rCold   . . .        (no shield)
rNeg    . . .        (helmet restricted)
rPois   .            (no amulet)
rElec   .            (no ring)
rCorr   .            (no ring)
SInv    .            (no ring)
Will    .....        (no ring)
Stlth   ++++         (no ring)
HPRegen 0.23/turn    (no ring)
MPRegen 0.08/turn    (no ring)
                     (no ring)

%: no passive effects
@: lethally poisoned (0 -> -6)
A: almost no armour, amphibious, 8 rings, camouflage 1, gelatinous body 1,
(nimble swimmer 1), tentacles
a: no special abilities


You were on level 4 of the Dungeon.
You visited 2 branches of the dungeon, and saw 4 of its levels.

You collected 10 gold pieces.

Inventory:

Hand Weapons
 a - a +0 short sword (weapon)
Talismans
 i - a beast talisman
Wands
 f - a wand of digging (3)
Scrolls
 b - a scroll of fog
 c - a scroll of revelation
 d - a scroll of fear
Potions
 e - a potion of haste
 g - a potion of resistance {unknown}
 h - a potion of curing {unknown}


   Skills:
 + Level 3.2 Fighting
 + Level 2.3 Short Blades
 + Level 2.3 Dodging
 + Level 6.8 Stealth


You had one spell level left.
You didn't know any spells.
Your spell library was empty.

Dungeon Overview and Level Annotations

Branches:
Dungeon (6/15)             Temple (1/1) D:6

Altars:
Elyvilon
Hepliaklqana
Kikubaaqudgha
Makhleb
Nemelex Xobeh
Trog
Uskayaw
Vehumet
Wu Jian
Xom
Zin

Annotations:
D:6 Maggie


Innate Abilities, Weirdness & Mutations

You cannot wear most types of armour.
You are amphibious.
You can wear up to eight rings at the same time.
Your skin changes colour to match your surroundings (Stealth+).
Your rubbery body absorbs attacks. (AC +1, EV +1)
((You are camouflaged when in or above water. (Stealth+)))
You have tentacles for arms and can constrict up to eight enemies at once.


Message History

i - a beast talisman A scorpion comes into view.
The scorpion moves out of view.
Found an ornate altar of the Wu Jian Council.
Found a green potion.
You barely miss the scorpion. You grab the scorpion.
You squeeze the scorpion, but do no damage.
You constrict the scorpion, but do no damage.
The scorpion stings you.
You completely miss the scorpion.
You constrict the scorpion, but do no damage.
The scorpion stings you.
You are lethally poisoned!
The scorpion poisons you!
You hit the scorpion.
You squeeze the scorpion, but do no damage.
The scorpion is lightly wounded.
You constrict the scorpion.
You feel very sick. The scorpion barely misses you.
You hit the scorpion but do no damage. You squeeze the scorpion!
The scorpion is heavily wounded.
You constrict the scorpion.
You feel very sick. The scorpion barely misses you.
You hit the scorpion.
The scorpion is severely wounded.
You constrict the scorpion, but do no damage.
* * * LOW HITPOINT WARNING * * *
You feel sick. The scorpion stings you.
* * * LOW HITPOINT WARNING * * *
You hit the scorpion.
The scorpion is almost dead.
You constrict the scorpion.
* * * LOW HITPOINT WARNING * * *
You feel sick. The scorpion misses you.
You hit the scorpion but do no damage. Your squeeze misses the scorpion.
The scorpion is almost dead.
You constrict the scorpion, but do no damage.
You die...

....## #.............
####...+............. .
......!#............. ..
......#............. ..
.....#............. #.
#..###.....##.....
###..##..###.....# .....
.................#######
.......@s........^#
..................#
...........>......#
.####+#########+###


You could see a scorpion.

Vanquished Creatures
  2 adders (D:6)
2 creatures vanquished.

Notes
Turn   | Place    | Note
-------+----------+-------------------------------------------
     0 | D:5      | RancidPinata the Octopode Delver began the quest for the
                  | Orb.
     0 | D:5      | Reached XP level 1. HP: 16/16 MP: 1/1
     5 | D:5      | Noticed a hound
    16 | D:6      | Noticed an ice beast
    18 | D:6      | Found a staircase to the Ecumenical Temple.
    29 | Temple   | Entered the Ecumenical Temple
    53 | D:6      | Reached XP level 2. HP: 13/21 MP: 2/2
   108 | D:6      | Noticed Maggie
   154 | D:5      | Found a radiant altar of Vehumet.
   154 | D:5      | Noticed a centaur
   191 | D:4      | Noticed a scorpion
   192 | D:4      | Found an ornate altar of the Wu Jian Council.
   224 | D:4      | Succumbed to a scorpion's poison

Illustrated notes

Levels and vault maps discovered:
D:4:      layout_gridville, mainiacjoe_overflow_six_doors_small,
          nicolae_wu_jian_wuxing_cycle, serial_glass, glass_columns_b,
          glass_columns_b
D:5:      layout_rooms, old_standard_altar
D:6:      layout_rooms, nicolae_ru_path_of_blood, nicolae_gozag_seed_capital,
          minmay_temple_entry_overgrown, minmay_statues_item, uniq_edmund,
          uniq_maggie, uniq_eustachio, uniq_crazy_yiuf_cottage, uniq_menkaure
Temple:   hellmonk_temple_rainy

Action                     || total
---------------------------++-------
  Melee: Short sword       ||    16
         Constrict         ||     3
         Tentacles         ||     6
 Armour: Skin              ||     6
  Dodge: Dodged            ||     9
